 Dungeon Crawl Stone Soup version 0.30-b1-2-g02819fbbbe (webtiles) character file.

Game seed: 10642425439902224092

23744 sanka the Bludgeoner (level 13, -6/140 HPs)
             Began as an Ogre Delver on May 10, 2023.
             Was a High Priest of Okawaru.
             Mangled by a wolf (9 damage)
             ... summoned by a glowing orange brain
             ... in a Gauntlet.
             The game lasted 00:38:55 (19925 turns).

sanka the Bludgeoner (Ogre Delver)                 Turns: 19925, Time: 00:38:56

Health: -6/140     AC:  9    Str: 31    XL:     13   Next: 8%
Magic:  18/18      EV: 14    Int:  9    God:    Okawaru [*****.]
Gold:   517        SH:  0    Dex:  8    Spells: 12/12 levels left

rFire   . . .        a - +5 giant spiked club (heavy)
rCold   + . .        (shield currently unavailable)
rNeg    . . .        K - +2 robe {rC+}
rPois   .            (helmet restricted)
rElec   .            (no cloak)
rCorr   .            (gloves unavailable)
SInv    .            (boots unavailable)
Will    +....        (no amulet)
Stlth   ++           o - +5 ring of evasion
HPRegen 0.43/turn    q - +4 ring of protection
MPRegen 0.16/turn

%: no teleportation
@: no status effects
A: large, unfitting armour, tough skin 1, strong 2
a: Renounce Religion, Heroism, Finesse, Duel


You were in a Gauntlet.
You worshipped Okawaru.
Okawaru was extremely pleased with you.
You visited 3 branches of the dungeon, and saw 14 of its levels.
You also visited: Gauntlet.

You collected 872 gold pieces.
You spent 355 gold pieces at shops.

Inventory:

Hand Weapons
 a - a +5 heavy giant spiked club (weapon)
 b - the +10 great mace of Ichiexop {drain, rF+ rC++ rN+ Int+2}
   (Okawaru gifted it to you on level 1 of the Lair of Beasts)

   Int:       It affects your intelligence (+2).
   rF:        It protects you from fire.
   rC:        It greatly protects you from cold.
   rN:        It protects you from negative energy.
 u - a +0 dagger of distortion
Missiles
 A - 38 poisoned darts (quivered)
 M - 11 large rocks {=f}
Armour
 K - a +2 robe of cold resistance (worn)
Jewellery
 k - a ring of protection from cold
 n - the ring of Obsession {Fly rElec rF+ Will+ Int+3 SInv}
   (You found it on level 2 of the Dungeon)

   [ring of flight]

   Int:       It affects your intelligence (+3).
   rF:        It protects you from fire.
   rElec:     It insulates you from electricity.
   SInv:      It lets you see invisible.
   Fly:       It grants you flight.
   Will:      It increases your willpower.
 o - a +5 ring of evasion (left hand)
 q - a +4 ring of protection (right hand)
Wands
 g - a wand of digging (2)
 C - a wand of flame (34)
 F - a wand of roots (9)
 H - a wand of quicksilver (4)
 O - a wand of polymorph (4)
Scrolls
 c - a scroll of fog
 d - 5 scrolls of magic mapping
 h - 5 scrolls of teleportation {@r4}
 p - 2 scrolls of immolation {!r}
 v - 2 scrolls of enchant armour
 y - 2 scrolls of blinking
 B - 4 scrolls of silence {!r}
 E - 2 scrolls of noise {!r}
 P - a scroll of poison {!r}
Potions
 f - 5 potions of haste {@q3}
 i - 2 potions of resistance
 l - 5 potions of flight {unknown}
 m - 3 potions of mutation {!q}
 r - 2 potions of might {unknown}
 s - 3 potions of degeneration {unknown}
 w - 3 potions of brilliance {unknown}
 z - a potion of magic
 D - 9 potions of curing {@q1}
 L - a potion of heal wounds {@q2}
 N - 5 potions of lignification {!q}
 Q - a potion of invisibility {unknown}


   Skills:
 + Level 12.3 Fighting
 - Level 17.0 Maces & Flails
 - Level 1.7 Dodging
 - Level 3.7 Stealth
 + Level 6.9 Invocations


You had 12 spell levels left.
You didn't know any spells.
Your spell library contained the following spells:

 Spells                   Type           Power      Damage    Failure   Level
 Magic Dart               Conj           0%         1d3       38%         1
 Blink                    Tloc           0%         N/A       52%         2
 Lesser Beckoning         Tloc           0%         N/A       52%         2
 Momentum Strike          Conj/Tloc      0%         3d8       52%         2
 Mephitic Cloud           Conj/Pois/Air  0%         N/A       77%         3
 Portal Projectile        Hex/Tloc       0%         N/A       77%         3
 Vhi's Electric Charge    Tloc/Air       0%         N/A       77%         3
 Leda's Liquefaction      Hex/Erth       0%         N/A       99%         4
 Manifold Assault         Tloc           0%         N/A       99%         4
 Arcjolt                  Conj/Air       0%         1d10      100%        5
 Lee's Rapid Deconstruct  Erth           0%         3d4*      100%        5
 Statue Form              Tmut/Erth      0%         N/A       100%        6
 Storm Form               Tmut/Air       0%         N/A       100%        7
 Maxwell's Capacitive Co  Air            0%         ∞         100%        8
 Call Imp                 Summ           Unusable   N/A       N/A         2
 Call Canine Familiar     Summ           Unusable   N/A       N/A         3

Dungeon Overview and Level Annotations

Branches:
Dungeon (11/15)            Temple (1/1) D:5            Lair (2/5) D:10
Gauntlet (1/1)
  Swamp: Lair:2-3    Shoals: Lair:2-3     Snake: Lair:2-3    Spider: Lair:2-3
    Orc: D:9-12

Altars:
Ashenzari
Cheibriados
Dithmenos
Elyvilon
Fedhas
Gozag
Hepliaklqana
Kikubaaqudgha
Makhleb
Nemelex Xobeh
Okawaru
Qazlal
Ru
Sif Muna
Trog
Uskayaw
Vehumet
Wu Jian
Xom
Yredelemnul
Zin
The Shining One

Shops:
D:3 ?   D:4 **

Annotations:
Gauntlet 6 runed translucent doors, 9 transporters, exclusion: lightning spire


Innate Abilities, Weirdness & Mutations

You are too large for most types of armour.
You have tough skin. (AC +1)
Your muscles are very strong. (Str +8, Int/Dex -2)


Message History

The sixfirhy completely misses you. The sixfirhy hits you!
The sixfirhy shocks you! The sixfirhy hits you. The sixfirhy shocks you!
The sixfirhy hits you! The sixfirhy shocks you! The sixfirhy barely misses you.
The cyan ugly thing trunk-slaps you but does no damage.
The sixfirhy hits you. The sixfirhy shocks you!
The glowing orange brain blinks!
You spit the cyan ugly thing like a pig!!!!
You kill the cyan ugly thing!
Okawaru accepts your kill.
The sixfirhy hits you but does no damage.
The sixfirhy hits you! The sixfirhy shocks you!
* * * LOW HITPOINT WARNING * * *
The cyan ugly thing trunk-slaps you!
* * * LOW HITPOINT WARNING * * *
The cyan ugly thing shocks you!
* * * LOW HITPOINT WARNING * * *
Blink to where?
Press: ? - help, Dir - move target
As you read the scroll of blinking, it crumbles to dust.
The cyan ugly thing trunk-slaps you but does no damage.
You feel much better. The cyan ugly thing barely misses you.
You thump the cyan ugly thing!
The cyan ugly thing is lightly wounded.
The sixfirhy hits you!
* * * LOW HITPOINT WARNING * * *
The sixfirhy shocks you!
* * * LOW HITPOINT WARNING * * *
The sixfirhy hits you but does no damage. x3
The glowing orange brain pulsates.
The cyan ugly thing trunk-slaps you.
* * * LOW HITPOINT WARNING * * *
The cyan ugly thing shocks you!
* * * LOW HITPOINT WARNING * * *
Unknown command.
Unknown command.
The killer bee buzzes angrily. x2
The glowing orange brain pulsates.
The glowing orange brain radiates an aura of fear!
You easily resist.
The wolf bites you!
You die...

...#P.#..#.##.#(.#.8#.©.#
P.PP..#..#...h#"[#..#...##
......#..#########..#.....
#######..#..........##..##
......#..#########.§###.#
......#..#yyG.hh.#.§§# ##
#≈##..#..#y###3#[#.§##
###≈..#..#yy#.u.h#..§# #
##..#.©##y#©#h@#..## #
#§..#..##...#..#..≈# #
##..######.###[#..## #
#≈.....#.......#..≈# #
###....#########..##
#≈#.............≈#
###≈#...........##
###≈#≈#≈#≈#≈#≈#
#############


You could see a cyan ugly thing, a glowing orange brain, a sixfirhy (summoned),
a raiju, 4 wolves and 5 killer bees.

Vanquished Creatures
  Erolcha (D:9)
  A hydra (Lair:1)
  3 two-headed ogres
  A boulder beetle (D:11)
  A catoblepas (Lair:1)
  A death scarab (Gauntlet)
  A spectral death yak (Gauntlet)
  Pikel (D:4)
  An ugly thing (Gauntlet)
  3 cyclopes (D:11)
  2 cane toads
  A komodo dragon (Lair:2)
  A rime drake (Lair:1)
  3 trolls
  A hornet (D:9)
  Grinder (D:6)
  Prince Ribbit (D:6)
  A shadow (D:10)
  A vampire (D:6)
  A ynoxinul (Gauntlet)
  2 wyverns
  49 yaks
  Grum (D:10)
  4 vampire mosquitoes (D:11)
  A basilisk (D:11)
  An acid dragon (D:9)
  Duvessa (D:4)
  7 water moccasins
  A black bear (D:6)
  8 orc warriors
  An ogre (D:5)
  2 wolves (D:10)
  3 centaurs
  A phantom (D:3)
  3 kobold brigands
  2 bullfrogs (Lair:1)
  A gnoll sergeant (D:11)
  4 scorpions
  9 wights (D:7)
  Dowan (D:4)
  17 killer bees
  A howler monkey (D:6)
  An electric eel (D:10)
  3 hounds
  4 iron imps (Gauntlet)
  4 jellies
  11 orc priests
  A gnoll bouda (D:6)
  3 sleepcaps
  2 iguanas
  13 orc wizards
  7 gnolls
  14 adders
  2 shadow imps
  2 ufetubi
  2 worms
  2 dart slugs
  46 orcs
  9 endoplasms
  4 giant cockroaches
  4 goblins
  3 hobgoblins
  6 jackals
  3 quokkas (D:2)
  2 ball pythons
  5 bats
  2 frilled lizards
  21 kobolds
  7 rats
  A spectral kobold (D:2)
331 creatures vanquished.

Vanquished Creatures (others)
  A giant cockroach (D:4)
  21 demonic plants (Gauntlet)
  4 plants
26 creatures vanquished.

Grand Total: 357 creatures vanquished

Notes
Turn   | Place    | Note
-------+----------+-------------------------------------------
     0 | D:5      | sanka the Ogre Delver began the quest for the Orb.
     0 | D:5      | Reached XP level 1. HP: 24/24 MP: 1/1
    46 | D:5      | Noticed an orc priest
   163 | D:4      | Reached skill level 2 in Maces & Flails
   173 | D:3      | Noticed a phantom
   213 | D:4      | Noticed a scorpion
   321 | D:3      | Found a glowing silver altar of Zin.
   323 | D:3      | Found a snail-covered altar of Cheibriados.
   348 | D:3      | Reached XP level 2. HP: 24/32 MP: 2/2
   498 | D:2      | Identified the ring of Obsession {Fly rElec rF+ Will+ Int+3
                  | SInv}
   780 | D:1      | Reached skill level 3 in Maces & Flails
   791 | D:1      | Reached XP level 3. HP: 37/39 MP: 3/3
  1540 | D:2      | Reached XP level 4. HP: 38/49 MP: 4/4
  1744 | D:2      | Found a faded altar of an unknown god.
  2389 | D:3      | Found Ceuxedu's Magic Scroll Boutique.
  2392 | D:3      | Bought a scroll of teleportation for 30 gold pieces
  2392 | D:3      | Bought a scroll of identify for 20 gold pieces
  2392 | D:3      | Bought a scroll of enchant armour for 75 gold pieces
  2433 | D:3      | Reached skill level 4 in Maces & Flails
  2571 | D:3      | Reached skill level 5 in Fighting
  2571 | D:3      | Reached XP level 5. HP: 48/57 MP: 5/5
  2583 | D:3      | Killed a phantom
  3114 | D:3      | Reached XP level 6. HP: 67/67 MP: 6/6
  3553 | D:4      | HP: 5/100 [adder (2)]
  3894 | D:4      | Identified the +8 long sword of Blind Justice {freeze, MP+9
                  | Int+3}
  3907 | D:4      | Noticed Pikel
  4090 | D:4      | Reached skill level 5 in Maces & Flails
  4177 | D:4      | Found Zoecvue's Fire Supplies.
  4293 | D:4      | Noticed a wyvern
  4343 | D:4      | Killed a wyvern
  4344 | D:4      | Reached XP level 7. HP: 29/78 MP: 7/7
  4557 | D:4      | Noticed Dowan
  5297 | D:5      | Reached skill level 6 in Maces & Flails
  5501 | D:5      | Found a staircase to the Ecumenical Temple.
  5720 | D:5      | Found an ancient bone altar of Kikubaaqudgha.
  5819 | D:5      | Reached XP level 8. HP: 78/89 MP: 8/8
  6003 | D:5      | Found a broken altar of Ashenzari.
  6539 | D:5      | Reached skill level 7 in Maces & Flails
  6705 | Temple   | Entered the Ecumenical Temple
  7109 | D:6      | Noticed a vampire
  7342 | D:6      | Gained mutation: Your muscles are strong. (Str +4, Int/Dex
                  | -1) [potion of mutation]
  7342 | D:6      | Gained mutation: Your muscles are very strong. (Str +8,
                  | Int/Dex -2) [potion of mutation]
  7353 | D:6      | Killed a vampire
  7662 | D:6      | Reached skill level 8 in Maces & Flails
  7896 | D:6      | Noticed Prince Ribbit
  7924 | D:6      | Killed Prince Ribbit
  7925 | D:6      | Reached skill level 9 in Maces & Flails
  7925 | D:6      | Reached XP level 9. HP: 40/98 MP: 9/9
  8250 | D:6      | Found a white marble altar of Elyvilon.
  8586 | D:6      | Noticed Grinder
  8601 | D:6      | Paralysed by Grinder for 3 turns
  8616 | D:6      | Killed Grinder
  8967 | D:7      | Found an opulent altar of Gozag.
  8976 | D:7      | Reached skill level 10 in Maces & Flails
  9648 | D:7      | Found a blossoming altar of Fedhas.
  9887 | D:7      | Reached skill level 11 in Maces & Flails
 10118 | D:7      | Reached XP level 10. HP: 101/105 MP: 10/10
 10206 | D:7      | Found an iron altar of Okawaru.
 10305 | D:7      | Became a worshipper of Warmaster Okawaru
 10600 | D:8      | Identified the +7 long sword of Xeutyth {speed, Dex+3}
 10601 | D:8      | Identified the +1 ring mail "Ruaj" {Contam Str+4}
 11433 | D:8      | Reached skill level 12 in Maces & Flails
 11920 | D:4      | Noticed Duvessa
 11938 | D:4      | Killed Duvessa
 11983 | D:4      | Killed Pikel
 11983 | D:4      | Reached * piety under Okawaru
 12024 | D:4      | Killed Dowan
 12081 | D:4      | Found Usiat's Overcharged Wands.
 12467 | D:3      | Bought a scroll of amnesia for 40 gold pieces
 12467 | D:3      | Bought 2 scrolls of silence for 190 gold pieces
 12795 | D:9      | Reached skill level 1 in Invocations
 12795 | D:9      | Noticed Erolcha
 12807 | D:9      | Killed Erolcha
 12807 | D:9      | Reached ** piety under Okawaru
 12861 | D:9      | Reached skill level 13 in Maces & Flails
 12911 | D:9      | Paralysed by a hornet for 2 turns
 12927 | D:9      | Found a shimmering altar of Xom.
 12929 | D:9      | Found a shimmering altar of Xom.
 13232 | D:9      | Identified the +5 scale mail of Delicate Amelioration
                  | {Rampage rF+ Will+++ Int+2}
 14060 | D:9      | Reached skill level 5 in Invocations
 14236 | D:9      | Reached skill level 10 in Fighting
 14236 | D:9      | Reached XP level 11. HP: 98/117 MP: 14/14
 14316 | D:9      | Found a shimmering altar of Xom.
 14318 | D:9      | Found a shimmering altar of Xom.
 14318 | D:9      | Found a shimmering altar of Xom.
 14514 | D:9      | Found a glowing golden altar of the Shining One.
 14775 | D:10     | Entered Level 10 of the Dungeon
 15569 | D:10     | Reached *** piety under Okawaru
 15762 | D:10     | Noticed a two-headed ogre
 15771 | D:10     | Killed a two-headed ogre
 15902 | D:10     | Reached **** piety under Okawaru
 15903 | D:10     | Reached skill level 14 in Maces & Flails
 15982 | D:10     | Noticed Grum
 16000 | D:10     | Killed Grum
 16567 | D:10     | Found a staircase to the Lair.
 16607 | D:10     | Noticed a two-headed ogre
 16613 | D:10     | Killed a two-headed ogre
 16613 | D:10     | Reached ***** piety under Okawaru
 16641 | D:10     | Found a burning altar of Makhleb.
 16641 | D:10     | Noticed a blizzard demon
 16752 | D:11     | Noticed a cyclops
 16755 | D:11     | Killed a cyclops
 16756 | D:11     | Reached skill level 15 in Maces & Flails
 17202 | D:11     | Reached XP level 12. HP: 128/130 MP: 15/15
 17244 | D:11     | Noticed a boulder beetle
 17253 | D:11     | Killed a boulder beetle
 17305 | D:11     | Noticed a two-headed ogre
 17314 | D:11     | Killed a two-headed ogre
 17737 | D:11     | Reached skill level 16 in Maces & Flails
 17928 | Lair:1   | Entered Level 1 of the Lair of Beasts
 18131 | Lair:1   | Noticed a catoblepas
 18138 | Lair:1   | Killed a catoblepas
 18138 | Lair:1   | Received a gift from Okawaru
 18730 | Lair:1   | Identified the +10 great mace of Ichiexop {drain, rF+ rC++
                  | rN+ Int+2} (Okawaru gifted it to you on level 1 of the Lair
                  | of Beasts)
 18730 | Lair:1   | Received a gift from Okawaru
 19030 | Lair:1   | Identified the +1 leather armour of Becvep {Harm}
 19174 | Lair:1   | Noticed an eight-headed hydra
 19183 | Lair:1   | Killed an eight-headed hydra
 19184 | Lair:1   | Reached skill level 17 in Maces & Flails
 19439 | Lair:2   | Found a gate leading to a gauntlet.
 19509 | Gauntlet | Entered a Gauntlet
 19509 | Gauntlet | Found a runed translucent door.
 19509 | Gauntlet | Found a transporter.
 19509 | Gauntlet | Found a runed translucent door.
 19509 | Gauntlet | Found a runed translucent door.
 19509 | Gauntlet | Found a transporter.
 19515 | Gauntlet | Found a transporter.
 19527 | Gauntlet | Found a transporter.
 19545 | Gauntlet | Found a transporter.
 19545 | Gauntlet | Found a transporter.
 19545 | Gauntlet | Found a transporter.
 19547 | Gauntlet | Found a transporter.
 19547 | Gauntlet | Found a transporter.
 19552 | Gauntlet | Noticed a hell hog
 19559 | Gauntlet | Found a transporter.
 19574 | Gauntlet | Found a runed translucent gate.
 19575 | Gauntlet | Found a transporter.
 19575 | Gauntlet | Found a runed translucent gate.
 19576 | Gauntlet | Found a runed translucent gate.
 19585 | Gauntlet | Found a transporter.
 19599 | Gauntlet | Found a transporter.
 19633 | Gauntlet | Found a transporter.
 19633 | Gauntlet | Noticed a death scarab
 19636 | Gauntlet | Found a runed translucent door.
 19672 | Gauntlet | Killed a death scarab
 19673 | Gauntlet | Reached XP level 13. HP: 139/139 MP: 14/17
 19924 | Gauntlet | HP: 2/140 [cyan ugly thing (12)]
 19925 | Gauntlet | Mangled by a wolf

Illustrated notes

Levels and vault maps discovered:
D:1:      spicycebolla_green_bress_n_ham, layout_basic
D:2:      layout_basic, dreamdust_ecumenical_altar_drowned_temple
D:3:      kennysheep_big_flooded_room, layout_loops_ring,
          mainiacjoe_overflow_catwalk_spiral, serial_shops, shop_statue,
          grunt_decor_clamped, wander_ebering_terrifying_dragon_lair
D:4:      minmay_chambers_of_fours, layout_loops_ring, hangedman_decor_growths,
          chequers_serial_rivers_large_b, nicolae_shop_fire_sale
          [nicolae_sub_dead_trees], nicolae_shop_overcharged_wands,
          uniq_duvessa, uniq_pikel
D:5:      layout_basic, mainiacjoe_overflow_swirl,
          minmay_temple_entry_enclosed_plants
D:6:      layout_loops_ring, nicolae_overflow_hidden_temple, uniq_grinder,
          uniq_prince_ribbit1
D:7:      layout_basic, mainiacjoe_overflow_boulevard, lemuel_tele_altar,
          mainiacjoe_overflow_small_starburst
D:8:      layout_rooms, dk_noncrumbling_2, chequers_serial_rivers_room_b,
          due_unseen_surprise
D:9:      layout_stronghold, xom_redecorated, tso_oasis_becter, uniq_erolcha
D:10:     layout_basic, makhleb_altar_promises_db, lair_entry_dummy,
          minmay_fractal_squares_gapless_5, uniq_grum
D:11:     layout_basic
Temple:   minmay_freezing_vapour_temple
Lair:1:   layout_loops_ring, grunt_megastairs_2
Lair:2:   layout_gridlike, gauntlet_entry_generic,
          chequers_serial_rivers_room_b, hangedman_tree_tricks,
          minmay_stone_trees_large
Gauntlet: gammafunk_gauntlet_mixed_choke_point
          [minmay_gauntlet_arena_77_cramped,
          minmay_gauntlet_arena_77_shame_cube,
          minmay_gauntlet_arena_77_hold_the_fort,
          gammafunk_gauntlet_arena_hedges,
          minmay_gauntlet_arena_77_broken_ladder,
          minmay_gauntlet_arena_77_run_for_it, minmay_gauntlet_arena_77_museum,
          gauntlet_exit_watery]

Skill      XL: |  1  2  3  4  5  6  7  8  9 10 11 12 13 |
---------------+----------------------------------------+-----
Maces & Flails | 2 3 4 5 6 9 11 13 15 17 | 17.0
Fighting       | 5 7 8 9 10 11 12 | 12.3
Invocations    | 5 6 |  6.9
Dodging        | |  1.7
Stealth        | |  3.7

Action                     |  1- 3 |  4- 6 |  7- 9 | 10-12 | 13-15 || total
---------------------------+-------+-------+-------+-------+-------++-------
  Melee: Mace              |    98 |       |       |       |       ||    98
         Whip              |     6 |   187 |    12 |       |       ||   205
         Unarmed           |       |     3 |    10 |       |       ||    13
         Punch             |       |     1 |       |       |       ||     1
         Flail             |       |       |   131 |    12 |       ||   143
         Giant club        |       |       |   185 |   464 |       ||   649
         Giant spiked club |       |       |       |    17 |    17 ||    34
  Throw: Dart              |       |       |     3 |     9 |       ||    12
 Invoke: Heroism           |       |       |       |    12 |     1 ||    13
  Evoke: Wand              |       |       |     3 |     5 |       ||     8
    Use: Scroll            |       |     7 |     1 |    12 |     1 ||    21
         Potion            |       |     3 |     7 |       |     1 ||    11
   Stab: Sleeping          |     8 |    10 |     4 |     6 |       ||    28
         Distracted        |       |     1 |       |       |       ||     1
 Armour: Robe              |    40 |    34 |    85 |   138 |    11 ||   308
         Skin              |       |     3 |    20 |       |       ||    23
  Dodge: Dodged            |    62 |    77 |   137 |   282 |    19 ||   577
